[Event "HUN-chT Youth 2019"]
[Site "Budapest"]
[Date "2019.10.29"]
[Round "7.21"]
[White "Blahota, Marcell"]
[Black "Koszta, Benedek"]
[Result "0-1"]
[ECO "A43"]
[WhiteElo "1765"]
[BlackElo "2043"]
[Annotator "NA"]
[PlyCount "104"]
[EventDate "2019.10.26"]
[EventType "team-tourn"]
[EventCountry "HUN"]
[SourceTitle "playchess.com"]
[Source "ChessBase"]
[SourceQuality "1"]
[TimeControl "5400+30"]

1. d4 c5 2. c3 Nf6 3. Nf3 d5 4. Bf4 Nc6 5. e3 Qb6 6. Qc1 Bf5 7. h3 {[%emt 0:04:01] D02: 1 d4 d5 2 Nf3 sidelines, including 2...Nf6 3 g3 and 2...Nf6 3 Bf4} (7. Nbd2 e6 8. a4 a6 9. Be2 Rc8 10. O-O Be7 11. a5 Qd8 12. dxc5 Bxc5 13. Nb3 Be7 14. Nbd4 Bg4 15. Nxc6 Rxc6 {1-0 (59) Firouzja,A (2499)-Wen,Y (2617) Bandar e Anzali 2017}) 7... h6 8. Be2 Rc8 9. O-O e6 10. Nbd2 Be7 11. dxc5 $146 ({Predecessor:} 11. Rd1 O-O 12. dxc5 Bxc5 13. Nb3 Be7 14. Nbd4 Bh7 15. Ne5 Nxe5 {0-1 (36) Gokhale,R (1347)-Sharma,D (2262) Sonipat 2017}) 11... Bxc5 12. Nb3 Be7 13. Nbd4 Bh7 14. Ne5 Nxe5 15. Bxe5 O-O 16. Rd1 Nd7 17. Bh2 Nc5 18. Nb3 Nxb3 19. axb3 a6 20. Bd3 Bxd3 21. Rxd3 Qxb3 22. Qd2 Qb6 23. Bf4 Rfd8 24. Rd1 Bf6 $17 25. Bg3 Qa5 26. Qe2 b5 27. Qg4 Rc4 28. f4 b4 29. Bh4 Bxh4 30. cxb4 Bf2+ 31. Kxf2 Qxb4 32. Qe2 Rb8 33. b3 Rc3 34. Rxc3 Qxc3 35. Rd3 Qc5 36. Qd2 Qb4 37. Qxb4 Rxb4 38. Rc3 g6 39. Rc6 Rxb3 40. Rxa6 Kg7 41. Ra7 g5 42. g3 Kf6 43. Ra4 Rb2+ 44. Kf3 Rh2 45. Kg4 Kg6 46. fxg5 hxg5 47. h4 f5+ 48. Kf3 g4+ 49. Kf4 Kf6 50. e4 Rf2+ 51. Ke3 Rf3+ 52. Ke2 dxe4 0-1

[Event "HUN-chT Youth 2019"]
[Site "Budapest"]
[Date "2019.10.29"]
[Round "7.22"]
[White "Megyaszai, Balazs"]
[Black "Oros, Mikhailo"]
[Result "1-0"]
[ECO "B13"]
[WhiteElo "1894"]
[BlackElo "1704"]
[Annotator "NA"]
[PlyCount "57"]
[EventDate "2019.10.26"]
[EventType "team-tourn"]
[EventCountry "HUN"]
[SourceTitle "playchess.com"]
[Source "ChessBase"]
[SourceQuality "1"]
[TimeControl "5400+30"]

1. e4 c6 2. d4 d5 3. exd5 cxd5 4. Bd3 Nc6 5. c3 Nf6 6. h3 e6 7. Nf3 Bd6 8. O-O O-O {[%emt 0:00:24] B13: Caro-Kann: Exchange Variation and Panov-Botvinnik Attack} 9. Nbd2 (9. Re1 Qc7 10. Qe2 b6 11. Ne5 Bb7 12. Nd2 Rfe8 13. f4 g6 14. g4 a6 15. h4 b5 16. a3 {½-½ (45) Giri,A (2775)-Riazantsev,A (2654) Geneva 2017}) 9... Rb8 $146 ({Predecessor:} 9... Qc7 10. Re1 h6 11. Qe2 Nd7 {0-1 (47) Gasthofer,A (2441)-Meier,G (2641) playchess.com INT 2009}) 10. Qe2 a6 11. Nb3 b5 12. Qc2 ({White should play} 12. Ne5 $14 Qc7 13. Bf4) 12... h6 13. Be3 Bb7 14. Qc1 Be7 {[#]} 15. Re1 (15. Bxh6 $1 $18 gxh6 16. Qxh6) 15... Rc8 {[%emt 0:08:45] [#]} 16. Bf4 $2 ({Only move:} 16. Bxh6 $1 $18 Nh7 (16... gxh6 17. Qxh6) 17. Qf4) 16... Nb4 {[%emt 0:02:39] [#]} ({Black should play} 16... Ne4 $14) 17. Bb1 $1 Nc6 (17... h5 $16 18. a4 bxa4) 18. Qe3 Na5 19. Nxa5 Qxa5 20. a3 (20. Ne5 $18) 20... Qb6 $18 (20... Qd8 $16) 21. Be5 a5 22. Bxf6 Bxf6 23. h4 b4 24. axb4 axb4 25. Qd3 g6 26. h5 bxc3 27. hxg6 cxb2 28. g7 bxa1=Q 29. Qh7# 1-0

[Event "HUN-chT Youth 2019"]
[Site "Budapest"]
[Date "2019.10.29"]
[Round "7.23"]
[White "Papp, Regina"]
[Black "Kocsmar, Akos"]
[Result "0-1"]
[ECO "B92"]
[WhiteElo "1366"]
[BlackElo "1916"]
[Annotator "NA"]
[PlyCount "86"]
[EventDate "2019.10.26"]
[EventType "team-tourn"]
[EventCountry "HUN"]
[SourceTitle "playchess.com"]
[Source "ChessBase"]
[SourceQuality "1"]
[TimeControl "5400+30"]

1. e4 c5 2. Nf3 d6 3. d4 cxd4 4. Nxd4 Nf6 5. Nc3 a6 6. Be2 e5 7. Nf3 h6 8. O-O Be6 9. b3 {[%emt 0:07:20] B92: Sicilian Najdorf: 6 Be2} (9. Be3 Nbd7 10. Nd2 Be7 11. a4 Qc7 12. a5 O-O 13. Re1 Rfc8 14. Nf1 Bf8 15. Qd2 Ng4 16. Rec1 Nxe3 17. Nxe3 g6 18. Ncd5 Qd8 19. Nc4 Bxd5 20. Qxd5 Rc5 {1-0 (34) Melkumyan,H (2660)-Barski,R (2458) Caleta 2019}) 9... Be7 10. Bb2 O-O 11. Qd2 b5 12. a3 Qc7 $146 ({Predecessor:} 12... Nc6 13. Bd3 Qb6 14. h3 Rfd8 15. Qe2 Rac8 16. a4 b4 {½-½ (69) Michaux,B-Manet,E (2040) Bethune 1997}) 13. Rac1 Nbd7 14. Bd3 Rfd8 15. Rfe1 Rac8 16. b4 ({White should play} 16. a4 $15) 16... Nb6 17. Qd1 Bc4 18. h3 Qd7 19. Nd2 Be6 20. Qf3 Qc7 21. Ra1 Nc4 22. Nxc4 Bxc4 23. a4 bxa4 24. Nxa4 Qb7 25. c3 Rc6 26. Ba3 Rdc8 27. Rac1 Bb5 28. Bc2 Rc4 29. Re3 Qc6 $17 30. Bb3 Bxa4 31. Bxc4 Qxc4 32. Bb2 Nd7 33. Qg4 Bg5 34. Rg3 Nf6 35. Qf3 Qxe4 36. Ra1 Bb5 37. Qd1 Bf4 38. Rf3 Be2 39. Qxd6 Bxf3 40. gxf3 Qxf3 41. Qxa6 Qxh3 42. c4 Bh2+ 43. Kh1 Bg3+ 0-1

[Event "HUN-chT Youth 2019"]
[Site "Budapest"]
[Date "2019.10.29"]
[Round "7.24"]
[White "Szamko, Hanna"]
[Black "Varga, Mira Adel"]
[Result "1/2-1/2"]
[ECO "C50"]
[WhiteElo "1402"]
[BlackElo "1282"]
[Annotator "NA"]
[PlyCount "111"]
[EventDate "2019.10.26"]
[EventType "team-tourn"]
[EventCountry "HUN"]
[SourceTitle "playchess.com"]
[Source "ChessBase"]
[SourceQuality "1"]
[TimeControl "5400+30"]

1. e4 e5 2. Nf3 Nc6 3. Bc4 Bc5 4. d3 h6 5. O-O Nf6 6. h3 O-O 7. c3 d6 8. a4 a5 9. Be3 Ba7 10. Bb3 Nh5 11. Bc2 Qf6 12. Na3 Ne7 13. Kh2 Ng6 14. Ng1 Nhf4 15. g3 Ne6 16. Qf3 Qxf3 17. Nxf3 f5 18. exf5 Rxf5 19. Nd2 d5 20. d4 e4 21. f3 c5 22. dxc5 Bxc5 23. Bxc5 Nxc5 24. fxe4 dxe4 25. Nxe4 Ne7 26. Rxf5 Bxf5 27. Nxc5 b6 28. Bxf5 Nxf5 29. Nb3 Re8 30. Nc4 Re2+ 31. Kg1 Nxg3 32. Nd4 Re7 33. Nxb6 Rb7 34. Nc4 Ra7 35. Nc6 Ra6 36. N4xa5 Ne2+ 37. Kf2 Nf4 38. b4 Nxh3+ 39. Kg3 Ng5 40. b5 Rb6 41. Kf4 Kf7 42. Ke5 Ke8 43. Kd6 Ne4+ 44. Kc7 Rxb5 45. axb5 Nxc3 46. Re1+ Kf7 47. Re5 Nxb5+ 48. Rxb5 g5 49. Nd4 Kg6 50. Rb6+ Kh5 51. Nf5 Kg4 52. Nxh6+ Kf4 53. Kd6 Kg3 54. Ke5 g4 55. Nxg4 Kxg4 56. Rf6 1/2-1/2

[Event "HUN-chT Youth 2019"]
[Site "Budapest"]
[Date "2019.10.29"]
[Round "7.25"]
[White "Kokeny, Norbert Adrian"]
[Black "Kaloczi, Kristof"]
[Result "1-0"]
[ECO "A06"]
[WhiteElo "2292"]
[BlackElo "2099"]
[Annotator "ChessBase"]
[PlyCount "139"]
[EventDate "2019.10.26"]
[EventType "team-tourn"]
[EventCountry "HUN"]
[SourceTitle "playchess.com"]
[Source "ChessBase"]
[SourceQuality "1"]
[TimeControl "5400+30"]

1. Nf3 d5 2. g3 Nf6 3. Bg2 c6 4. O-O Bf5 5. b3 e6 6. Bb2 h6 7. d3 Be7 8. Nbd2 O-O 9. Re1 a5 10. e4 Bh7 11. e5 Nfd7 12. h4 a4 13. Nf1 Re8 14. N1h2 f5 15. exf6 Bxf6 16. Bxf6 Qxf6 17. d4 axb3 18. cxb3 c5 19. Ng4 Qf8 20. dxc5 Nc6 21. Nfe5 Ncxe5 22. Nxe5 Nxc5 23. Qd4 Ne4 24. Bxe4 dxe4 25. Qe3 Red8 26. Qe2 Rd5 27. Nc4 Rad8 28. Rad1 b5 29. Ne3 Rd3 30. Nf1 Qd6 31. Rc1 b4 32. Rc4 Ra8 33. Rec1 Rd8 34. Qe1 Rd1 35. Qxd1 Qxd1 36. Rxd1 Rxd1 37. Rxb4 e3 38. fxe3 Bd3 39. Rf4 Ra1 40. Rf2 Bxf1 41. Rxf1 Rxa2 42. Rf4 Rb2 43. b4 e5 44. Re4 Kf7 45. Rxe5 Rxb4 46. Kf2 Kf6 47. Ra5 Rb6 48. Kf3 Rc6 49. Kf4 Rb6 50. e4 g6 51. g4 Rc6 52. Rd5 Ra6 53. Rb5 Rc6 54. g5+ hxg5+ 55. hxg5+ Ke6 56. Rb7 Rc1 57. Rb6+ Kf7 58. Rd6 Rf1+ 59. Ke5 Rg1 60. Rd7+ Ke8 61. Rg7 Rxg5+ 62. Kf6 Ra5 63. e5 Kf8 64. Rb7 Ra8 65. e6 g5 66. Rf7+ Kg8 67. Rg7+ Kh8 68. e7 Ra6+ 69. Kf7 Ra7 70. Rxg5 1-0

[Event "HUN-chT Youth 2019"]
[Site "Budapest"]
[Date "2019.10.29"]
[Round "7.26"]
[White "Czumbel, Peter"]
[Black "Baski, Barnabas"]
[Result "0-1"]
[ECO "A05"]
[WhiteElo "2021"]
[BlackElo "2037"]
[Annotator "NA"]
[PlyCount "68"]
[EventDate "2019.10.26"]
[EventType "team-tourn"]
[EventCountry "HUN"]
[SourceTitle "playchess.com"]
[Source "ChessBase"]
[SourceQuality "1"]
[TimeControl "5400+30"]

1. Nf3 Nf6 2. g3 b6 3. Bg2 Bb7 4. O-O e6 5. d3 d5 6. Nbd2 Be7 7. Qe1 {[%emt 0:03:41] A05: Réti Opening: 1 Nf3 Nf6} (7. e4 c5 8. Re1 Nc6 9. Qe2 Qc7 10. Nf1 d4 11. e5 Nd7 12. Bf4 h6 13. h4 O-O-O 14. N1d2 Nb4 15. Nc4 Nd5 16. Bd2 Nb8 17. a4 Ba6 {1-0 (60) Naroditsky,D (2616)-Nakamura,H (2749) chess.com INT 2019}) 7... c5 8. e4 Nc6 9. e5 Nd7 10. Qe2 Qc7 11. Re1 O-O-O $146 ({Predecessor:} 11... g5 12. h3 O-O-O 13. Nf1 Rdg8 14. c4 d4 {1-0 (63) Rapoport,V (2303)-Glauder,J (2018) Germany 2010}) 12. Nf1 h6 13. h4 Rdg8 14. c3 {[%emt 0:08:12] [#]} ({White should play} 14. N1h2) 14... Kb8 (14... g5 $1 $17 15. hxg5 hxg5) 15. Bd2 Qd8 ({Better is} 15... g5 $17 16. hxg5 hxg5) 16. Rab1 (16. Ne3 $11 {keeps the balance.}) 16... g5 17. hxg5 Bxg5 (17... hxg5 $17 18. g4 Nf8) 18. Bxg5 hxg5 19. g4 Ne7 20. Qd2 Ng6 $19 21. d4 Nf4 22. Ng3 Ba6 23. Bf1 Bxf1 24. Kxf1 Nf8 25. dxc5 bxc5 26. Qe3 Qb6 27. Nxg5 Qb5+ 28. Kg1 N8g6 29. Ne2 Nd3 30. a4 Qc4 31. Nxf7 Qxg4+ 32. Ng3 Nxe1 33. Rxe1 Rh1+ 34. Kg2 Nh4+ 0-1

[Event "HUN-chT Youth 2019"]
[Site "Budapest"]
[Date "2019.10.29"]
[Round "7.27"]
[White "Monduk, Ferenc"]
[Black "Fodor, Kornel"]
[Result "1/2-1/2"]
[ECO "D32"]
[WhiteElo "1987"]
[BlackElo "1933"]
[Annotator "NA"]
[PlyCount "78"]
[EventDate "2019.10.26"]
[EventType "team-tourn"]
[EventCountry "HUN"]
[SourceTitle "playchess.com"]
[Source "ChessBase"]
[SourceQuality "1"]
[TimeControl "5400+30"]

1. d4 d5 2. c4 e6 3. Nc3 c5 4. e3 Nf6 5. Nf3 a6 6. cxd5 exd5 7. dxc5 Bxc5 8. Bd3 O-O 9. O-O Nc6 10. Ne2 {[%emt 0:01:31] D40: Queen's Gambit Declined: Semi-Tarrasch with 5 e3} (10. a3 Bg4 11. b4 Ba7 12. Bb2 d4 13. exd4 Nxd4 14. Ne4 Bxf3 15. gxf3 Nxe4 16. Bxe4 Qd7 17. Qd3 Rad8 18. Rad1 b5 19. Qe3 f5 {0-1 (49) Ruckschloss,K (2230)-Cyborowski,L (2504) Warsaw 2008}) 10... Bg4 11. Ng3 Re8 $146 ({Predecessor:} 11... Ne5 12. Be2 Nxf3+ 13. Bxf3 Be6 14. a3 Bd6 15. Ne2 Rc8 16. Bd2 Be5 17. Bc3 Qc7 18. Bxe5 Qxe5 {½-½ (62) Mueller,J-Mencke,H Hamburg 1997}) 12. h3 Bxf3 13. Qxf3 Ne5 14. Qe2 Nxd3 15. Qxd3 d4 16. e4 Nd7 17. Nf5 Ne5 {[%emt 0:05:24] [#]} 18. Qg3 $1 Qf6 19. Bg5 Qg6 20. Rac1 Bf8 21. Rfd1 Nc6 22. Qf4 (22. f3 $11) 22... f6 23. Bh4 Rad8 24. f3 Qf7 $11 25. b3 g5 26. Qg4 Ne5 27. Qg3 Qg6 28. Qf2 gxh4 29. Nxh4 Qh6 30. Qg3+ Qg5 31. Qe1 Qe3+ 32. Qxe3 dxe3 33. Kf1 Rd2 34. Rxd2 exd2 35. Rd1 Bb4 36. a3 Bc3 37. g3 Nd3 38. Ke2 Nb2 39. Rxd2 Bxd2 1/2-1/2

[Event "HUN-chT Youth 2019"]
[Site "Budapest"]
[Date "2019.10.29"]
[Round "7.28"]
[White "Lakatos, Tamas"]
[Black "Lengyel, Andrea"]
[Result "0-1"]
[ECO "B22"]
[WhiteElo "1893"]
[BlackElo "1872"]
[Annotator "NA"]
[PlyCount "48"]
[EventDate "2019.10.26"]
[EventType "team-tourn"]
[EventCountry "HUN"]
[SourceTitle "playchess.com"]
[Source "ChessBase"]
[SourceQuality "1"]
[TimeControl "5400+30"]

1. e4 c5 2. c3 d5 3. exd5 Qxd5 4. d4 Nc6 5. Nf3 Bg4 6. Be2 cxd4 7. cxd4 e6 8. O-O Nf6 9. Nc3 Qd7 10. Be3 Bd6 11. h3 Bh5 12. Bg5 Be7 13. Be3 Bd6 14. Kh1 Bc7 15. Bg5 Nd5 16. Ne4 f6 17. Bh4 Nf4 18. Bxf6 $17 (18. Bb5 $11) 18... Nxe2 19. Qxe2 O-O 20. g4 Bg6 21. Bh4 Qd5 22. Nfd2 Nxd4 23. Qd3 Rf3 24. Nxf3 Bxe4 0-1

[Event "HUN-chT Youth 2019"]
[Site "Budapest"]
[Date "2019.10.29"]
[Round "7.29"]
[White "Szabo, Balazs"]
[Black "Toth, Lili"]
[Result "1-0"]
[ECO "D30"]
[WhiteElo "2210"]
[BlackElo "2199"]
[Annotator "ChessBase"]
[PlyCount "113"]
[EventDate "2019.10.26"]
[EventType "team-tourn"]
[EventCountry "HUN"]
[SourceTitle "playchess.com"]
[Source "ChessBase"]
[SourceQuality "1"]
[TimeControl "5400+30"]

1. d4 Nf6 2. c4 e6 3. Nf3 d5 4. Bg5 Bb4+ 5. Nc3 O-O 6. e3 h6 7. Bh4 Nbd7 8. cxd5 exd5 9. Bd3 c6 10. Qc2 Re8 11. O-O Qc7 12. a3 Bxc3 13. Qxc3 Ne4 14. Qc2 Ndf6 15. b4 Bg4 16. Ne5 Bd7 17. Rab1 Qd6 18. Nxd7 Qxd7 19. Rfc1 Rac8 20. Qe2 a6 21. a4 b5 22. axb5 cxb5 23. Rxc8 Rxc8 24. Ra1 Qd6 25. h3 Rc6 26. Bxf6 Nxf6 27. Qb2 Kf8 28. Be2 Qc7 29. Bf3 Ke7 30. Re1 Rc2 31. Qb3 Qc4 32. Qb1 Ne4 33. Bxe4 dxe4 34. Rd1 Qe2 35. Rf1 Kd6 36. Qa1 Ra2 37. Qb1 Kd5 38. Qc1 Rc2 39. Qa1 Ra2 40. Qc1 Qc2 41. Qe1 f5 42. h4 g5 43. hxg5 hxg5 44. g3 Kc6 45. Kg2 Qe2 46. Qc1+ Rc2 47. Qa1 Qf3+ 48. Kg1 Kb6 49. Qa5+ Kb7 50. Qd8 Qg4 51. Qd5+ Rc6 52. Rc1 Ka7 53. Qxc6 f4 54. Qc7+ Ka8 55. Qd8+ Ka7 56. Rc7+ Kb6 57. Qd6# 1-0

[Event "HUN-chT Youth 2019"]
[Site "Budapest"]
[Date "2019.10.29"]
[Round "7.31"]
[White "Gombocz, Zsofia"]
[Black "Vodila, Martin Botond"]
[Result "1/2-1/2"]
[ECO "B01"]
[WhiteElo "1917"]
[BlackElo "2114"]
[Annotator "ChessBase"]
[PlyCount "38"]
[EventDate "2019.10.26"]
[EventType "team-tourn"]
[EventCountry "HUN"]
[SourceTitle "playchess.com"]
[Source "ChessBase"]
[SourceQuality "1"]
[TimeControl "5400+30"]

1. e4 d5 2. exd5 Qxd5 3. Nf3 Nf6 4. d4 Bg4 5. Be2 c6 6. O-O Nbd7 7. h3 Bh5 8. c4 Qa5 9. Nc3 e6 10. Bf4 Be7 11. Qb3 Qb6 12. Qxb6 Nxb6 13. g4 Bg6 14. Ne5 Nfd7 15. Nxg6 hxg6 16. Kg2 O-O 17. Rfd1 Rac8 18. a3 g5 19. Be3 Rfd8 1/2-1/2

[Event "HUN-chT Youth 2019"]
[Site "Budapest"]
[Date "2019.10.29"]
[Round "7.32"]
[White "Bako, Martin"]
[Black "Barasits, Balint"]
[Result "1-0"]
[ECO "D45"]
[WhiteElo "1857"]
[BlackElo "1988"]
[Annotator "NA"]
[PlyCount "85"]
[EventDate "2019.10.26"]
[EventType "team-tourn"]
[EventCountry "HUN"]
[SourceTitle "playchess.com"]
[Source "ChessBase"]
[SourceQuality "1"]
[TimeControl "5400+30"]

1. d4 Nf6 2. c4 e6 3. Nc3 d5 4. Nf3 Nbd7 5. e3 c6 6. Bd2 Be7 7. cxd5 {[%emt 0:03:35] D45: Semi-Slav: 5 e3} (7. Bd3 dxc4 8. Bxc4 b5 9. Be2 Bb7 10. O-O O-O 11. a3 a5 12. Qc2 Rc8 13. Rfc1 b4 14. axb4 axb4 15. Na4 c5 16. dxc5 Nxc5 17. Bxb4 Nce4 18. Qb3 Bd5 19. Rxc8 Qxc8 20. Qa3 Bxb4 21. Qxb4 {1-0 (44) Malaniuk,V (2615)-Apicella,M (2505) Cappelle-la-Grande 1995}) 7... exd5 8. Bd3 Nf8 9. Qc2 Ng6 10. h3 O-O $146 ({Predecessor:} 10... Bd6 11. a3 Bd7 12. O-O O-O 13. Ng5 Qc7 {½-½ (29) Guidi,G-Bertolucci,G Italy 1986}) 11. O-O Qc7 12. Rfc1 Bd7 13. Qb3 Qb6 14. Qc2 Qd8 15. Na4 Qc8 16. Qd1 Bd6 17. Nc5 Bxc5 18. Rxc5 Bf5 19. Bb4 Re8 $14 20. Rcc1 Bxd3 21. Qxd3 Ne4 22. Nd2 Ng5 23. Bd6 Qe6 24. Bg3 Qe7 25. Qf5 Ne6 26. Nf3 Qd7 27. Ng5 Rad8 28. Nxe6 fxe6 29. Qg4 Qf7 30. Rf1 Qd7 31. Rad1 e5 32. Qxd7 Rxd7 33. Rd3 exd4 34. Rxd4 Ne5 35. Rfd1 Nc4 36. Rxc4 dxc4 37. Rxd7 b5 38. Rxa7 b4 39. Rb7 c5 40. Rb8 Kf7 41. Rxe8 c3 42. bxc3 bxc3 43. Rc8 1-0

[Event "HUN-chT Youth 2019"]
[Site "Budapest"]
[Date "2019.10.29"]
[Round "7.33"]
[White "Kiraly, Barnabas"]
[Black "Bako, Milan"]
[Result "0-1"]
[ECO "B01"]
[WhiteElo "1742"]
[BlackElo "1605"]
[Annotator "NA"]
[PlyCount "117"]
[EventDate "2019.10.26"]
[EventType "team-tourn"]
[EventCountry "HUN"]
[SourceTitle "playchess.com"]
[Source "ChessBase"]
[SourceQuality "1"]
[TimeControl "5400+30"]

1. e4 d5 2. exd5 Qxd5 3. Nc3 Qd8 4. g3 e5 5. Bg2 Bc5 6. Nge2 Nc6 7. O-O Nge7 8. d3 O-O 9. Be3 Bb6 10. Bxb6 axb6 11. f4 Ng6 12. f5 Nh8 13. Ne4 f6 14. g4 Nf7 15. a3 Nh6 16. h3 Nd4 17. N2g3 Nf7 18. Qd2 h6 19. Kf2 Bd7 20. b3 Bc6 21. Rh1 Ng5 22. h4 Nxe4+ 23. Nxe4 h5 24. Bh3 Nxb3 25. cxb3 Bxe4 26. Rhd1 Qd4+ 27. Qe3 Qxe3+ 28. Kxe3 hxg4 29. dxe4 gxh3 30. Rd7 Rf7 31. Rd2 h2 32. Rxh2 Rd7 33. Rd2 Rad8 34. Rad1 Rxd2 35. Rxd2 Rxd2 36. Kxd2 Kh7 37. a4 Kh6 38. b4 Kh5 39. Kc3 Kxh4 40. Kc4 Kg4 41. Kd5 c6+ 42. Kd6 Kf4 43. Kc7 Kxe4 44. Kxb6 Kd5 45. Kxb7 e4 46. a5 e3 47. a6 e2 48. a7 e1=Q 49. a8=Q Qxb4+ 50. Kc7 Qd6+ 51. Kb6 Ke5 52. Qc8 c5+ 53. Ka5 c4 54. Ka4 Kd4 55. Qe8 c3 56. Qc8 Kd3 57. Qe6 Qd4+ 58. Kb3 c2 59. Qc6 0-1

[Event "HUN-chT Youth 2019"]
[Site "Budapest"]
[Date "2019.10.29"]
[Round "7.34"]
[White "Szabo, Andrea Erzsebet"]
[Black "Petroczy, Zoltan"]
[Result "1-0"]
[ECO "E38"]
[WhiteElo "1583"]
[BlackElo "1573"]
[Annotator "NA"]
[PlyCount "77"]
[EventDate "2019.10.26"]
[EventType "team-tourn"]
[EventCountry "HUN"]
[SourceTitle "playchess.com"]
[Source "ChessBase"]
[SourceQuality "1"]
[TimeControl "5400+30"]

1. d4 Nf6 2. c4 e6 3. Nc3 Bb4 4. Qc2 c5 5. dxc5 Bxc5 6. Nf3 Nc6 7. Bg5 O-O 8. e3 h6 9. Bh4 Be7 10. a3 a6 11. Be2 b6 12. O-O Bb7 13. Rad1 Qc7 14. Bg3 d6 15. b4 Rac8 16. h3 Qb8 17. Qd3 Rfd8 18. c5 bxc5 19. bxc5 e5 20. Qc2 dxc5 21. Rxd8+ Rxd8 22. Na4 Nd7 23. Rd1 Qc8 24. Qc3 Bf6 25. Qc2 Ne7 26. Nxc5 Nxc5 27. Rxd8+ Qxd8 28. Qxc5 e4 29. Ne5 Nf5 30. Bh2 Qd2 31. Bf1 Be7 32. Qc7 Bd5 33. Qd7 g6 34. Qe8+ Kg7 35. g4 Nxe3 36. Nd7 Bh4 37. Be5+ f6 38. Qf8+ Kh7 39. Nxf6+ 1-0

[Event "HUN-chT Youth 2019"]
[Site "Budapest"]
[Date "2019.10.29"]
[Round "7.35"]
[White "Farkas, Boglarka"]
[Black "Szalovszky, Viktoria"]
[Result "1/2-1/2"]
[ECO "B01"]
[WhiteElo "1391"]
[BlackElo "1507"]
[Annotator "NA"]
[PlyCount "111"]
[EventDate "2019.10.26"]
[EventType "team-tourn"]
[EventCountry "HUN"]
[SourceTitle "playchess.com"]
[Source "ChessBase"]
[SourceQuality "1"]
[TimeControl "5400+30"]

1. e4 d5 2. exd5 Qxd5 3. Nc3 Qa5 4. d4 Bf5 5. Nf3 Nf6 6. Bd2 c6 7. Bc4 e6 8. O-O Bb4 9. Nb1 O-O 10. a3 Bxd2 11. Nbxd2 Qc7 12. Re1 Nbd7 13. Nf1 Nb6 14. Bd3 Bg4 15. h3 Bh5 16. Ng3 Bxf3 17. Qxf3 Nbd5 18. Ne4 Nd7 19. Bc4 Rfe8 20. Bxd5 exd5 21. Nd2 Nf6 22. Re2 Rxe2 23. Qxe2 Re8 24. Qd3 Re6 25. Nf3 Qe7 26. Ne5 Nd7 27. Nxd7 Qxd7 28. Rd1 Qe7 29. Kf1 f6 30. Qd2 Kf7 31. Re1 Rxe1+ 32. Qxe1 Qd6 33. Qe3 Qh2 34. Qf3 Qd6 35. Qe3 b6 36. Ke2 c5 37. Qd3 Qe7+ 38. Kd2 cxd4 39. Qxd4 Qe4 40. Qxe4 dxe4 41. Ke3 f5 42. f3 exf3 43. Kxf3 g5 44. c4 Ke6 45. g3 Kd6 46. b4 Ke5 47. Ke3 f4+ 48. gxf4+ gxf4+ 49. Kf3 Kd4 50. c5 bxc5 51. bxc5 Kxc5 52. Kxf4 Kc4 53. Kg5 Kb3 54. Kh6 Kxa3 55. Kxh7 Kb3 56. Kg8 1/2-1/2

[Event "HUN-chT Youth 2019"]
[Site "Budapest"]
[Date "2019.10.29"]
[Round "7.36"]
[White "Berecz, Kristof"]
[Black "Nyuli, Leila"]
[Result "1-0"]
[ECO "C26"]
[WhiteElo "1469"]
[BlackElo "1258"]
[Annotator "NA"]
[PlyCount "71"]
[EventDate "2019.10.26"]
[EventType "team-tourn"]
[EventCountry "HUN"]
[SourceTitle "playchess.com"]
[Source "ChessBase"]
[SourceQuality "1"]
[TimeControl "5400+30"]

1. e4 e5 2. Nc3 Nf6 3. Bc4 Bc5 4. d3 d6 5. h3 h6 6. Nge2 Nc6 7. Na4 a6 8. Nxc5 dxc5 9. a3 b5 10. Ba2 Bb7 11. O-O Ne7 12. f4 exf4 13. Bxf4 Ng6 14. Bh2 O-O 15. Kh1 Qd7 16. Nf4 Nxf4 17. Bxf4 Qc6 18. Qe2 Rfe8 19. Qf2 c4 20. Rac1 Re7 21. Bxh6 Nxe4 22. dxe4 Qxh6 23. Qf4 Qxf4 24. Rxf4 Rxe4 25. Rf2 Rae8 26. Rcf1 Re2 27. Kg1 Rxf2 28. Kxf2 Re6 29. Rd1 Rg6 30. g3 Rf6+ 31. Kg1 Rf3 32. g4 Rxh3 33. Kf2 Rh2+ 34. Ke3 Rxc2 35. Bb1 Rxb2 36. Rd8# 1-0